[Event "3rd Memorial Warakomska 2019"]
[Site "Suwalki"]
[Date "2019.08.07"]
[Round "3.25"]
[White "Kowalski, Igor"]
[Black "Kukula, Pawel"]
[Result "1-0"]
[ECO "A96"]
[WhiteElo "2320"]
[BlackElo "2209"]
[Annotator "NA"]
[PlyCount "67"]
[EventDate "2019.08.05"]
[EventType "swiss"]
[EventCountry "POL"]
[SourceTitle "playchess.com"]
[Source "ChessBase"]
[SourceQuality "1"]
[TimeControl "40/5400+30:1800+30"]

1. d4 f5 2. g3 Nf6 3. Bg2 e6 4. Nf3 d6 5. O-O Be7 6. c4 O-O 7. Nc3 Ne4 8. Qc2 Nxc3 9. Qxc3 Bf6 10. Rd1 {[%emt 0:00:46] A96: Classical Dutch: Fluid Systems: Early deviations} (10. b3 Nc6 11. Bb2 e5 12. Qd2 Qe8 13. e3 a5 14. d5 Nd8 15. Ne1 e4 16. Bxf6 Rxf6 17. f3 exf3 18. Nxf3 Nf7 19. Rae1 Bd7 20. Qd4 Qf8 21. e4 f4 22. gxf4 Rxf4 23. Qe3 Nh6 24. c5 {½-½ (24) Neiksans,A (2576)-Stopa,J (2528) Wunsiedel 2015}) 10... Qe7 11. Qa3 Nd7 12. b4 $146 ({Predecessor:} 12. Bf4 g5 13. Be3 e5 14. dxe5 Nxe5 15. Nxg5 Bxg5 16. Bxg5 Qxg5 17. f4 Qf6 18. fxe5 Qxe5 {½-½ (46) Szpak,N (1615)-Mathews,M (2129) IECC email 2000}) 12... c6 13. Bb2 Nb6 14. Qb3 d5 15. Nd2 e5 16. dxe5 Bxe5 17. cxd5 Bxb2 18. dxc6+ Be6 19. Qxb2 bxc6 20. Bxc6 Rac8 21. b5 $18 f4 22. Nf3 fxg3 23. hxg3 Kh8 24. Rd4 Bc4 25. Re4 Qf7 26. Qe5 Rcd8 27. Rf4 Qg8 28. Rh4 Rf6 29. a4 h6 30. a5 Nc8 31. Rc1 Re6 32. Qc3 Bxe2 33. Nd4 Qf7 34. Nxe6 1-0

[Event "3rd Memorial Warakomska 2019"]
[Site "Suwalki"]
[Date "2019.08.07"]
[Round "3.26"]
[White "Paszewski, Mateusz"]
[Black "Lisowski, Krzysztof"]
[Result "1/2-1/2"]
[ECO "E20"]
[WhiteElo "2324"]
[BlackElo "2187"]
[Annotator "NA"]
[PlyCount "69"]
[EventDate "2019.08.05"]
[EventType "swiss"]
[EventCountry "POL"]
[SourceTitle "playchess.com"]
[Source "ChessBase"]
[SourceQuality "1"]
[TimeControl "40/5400+30:1800+30"]

1. d4 Nf6 2. c4 e6 3. Nc3 Bb4 4. f3 d5 5. a3 Bxc3+ 6. bxc3 O-O 7. cxd5 exd5 8. e3 Bf5 9. Bd3 Bxd3 10. Qxd3 c5 11. Ne2 Nc6 12. O-O Re8 13. Ng3 Rc8 14. Ra2 Rc7 15. Re2 Rce7 16. Nf5 Re6 17. g4 g6 18. Ng3 Na5 19. Qd1 Nc4 20. g5 Nd7 21. e4 Qa5 22. Qd3 Ndb6 23. Rfe1 Qb5 24. Qc2 Rc8 25. exd5 Rxe2 26. Qxe2 cxd4 27. Ne4 Nxd5 28. cxd4 Qb6 29. Nc5 Nd6 30. Qa2 Qc6 31. Ne4 Nc4 32. Nc5 Nd6 33. Ne4 Nc4 34. Nc5 Nd6 35. Nd7 1/2-1/2

[Event "3rd Memorial Warakomska 2019"]
[Site "Suwalki"]
[Date "2019.08.07"]
[Round "3.27"]
[White "Gurbanov, Andrei"]
[Black "Pniaczek, Marek"]
[Result "1/2-1/2"]
[ECO "A45"]
[WhiteElo "2305"]
[BlackElo "2276"]
[Annotator "NA"]
[PlyCount "71"]
[EventDate "2019.08.05"]
[EventType "swiss"]
[EventCountry "POL"]
[SourceTitle "playchess.com"]
[Source "ChessBase"]
[SourceQuality "1"]
[TimeControl "40/5400+30:1800+30"]

1. d4 Nf6 2. g3 g6 3. Bg2 Bg7 4. e4 d6 5. Nc3 O-O 6. Nge2 e5 7. h3 exd4 8. Nxd4 Re8 9. O-O Nbd7 10. Re1 a5 11. Bf4 Nc5 12. Ndb5 Ne6 13. Be3 Bd7 14. a4 Bc6 15. Qd2 Nd7 $16 16. Rad1 Nec5 17. Bd4 Bxd4 18. Qxd4 Bxb5 19. axb5 Qf6 20. Qxf6 Nxf6 21. b6 c6 22. Rxd6 Nfd7 23. Na4 Nxa4 24. Rxd7 Nc5 25. Rd4 Ra6 26. b4 Ne6 27. Rc4 a4 28. Ra1 Rea8 29. b5 cxb5 30. Rb4 Rxb6 31. c4 Nd4 32. cxb5 Nc2 33. Rbxa4 Rxa4 34. Rxa4 Rxb5 35. f4 Ne1 36. e5 1/2-1/2

[Event "3rd Memorial Warakomska 2019"]
[Site "Suwalki"]
[Date "2019.08.07"]
[Round "3.28"]
[White "Fiedorek, Michal"]
[Black "Lis, Mateusz"]
[Result "1/2-1/2"]
[ECO "B47"]
[WhiteElo "2241"]
[BlackElo "2007"]
[Annotator "NA"]
[PlyCount "80"]
[EventDate "2019.08.05"]
[EventType "swiss"]
[EventCountry "POL"]
[SourceTitle "playchess.com"]
[Source "ChessBase"]
[SourceQuality "1"]
[TimeControl "40/5400+30:1800+30"]

1. e4 c5 2. Nf3 e6 3. d4 cxd4 4. Nxd4 Nc6 5. Nc3 Qc7 6. Be2 a6 7. O-O Nf6 8. Be3 Bb4 9. Na4 O-O 10. c4 Bd6 11. g3 Nxe4 12. c5 Be7 13. Nxc6 bxc6 14. Qd4 d5 15. cxd6 Nxd6 16. Bf4 f6 17. Qb6 Ra7 18. Rfd1 e5 19. Be3 Rb7 20. Qxc7 Rxc7 21. Bb6 Rb7 22. Rac1 Nb5 23. Bf3 Be6 24. Bxc6 Rbb8 25. Bd5 Bxd5 26. Rxd5 Rfc8 27. Rxc8+ Rxc8 28. Bc5 Rd8 29. Rxd8+ Bxd8 30. Bb6 Bxb6 31. Nxb6 Kf7 32. f3 Ke6 33. Kf2 f5 34. Ke3 g5 35. Nc4 Kd5 36. Nb6+ Ke6 37. Nc4 Kd5 38. Nb6+ Ke6 39. Na4 Kd5 40. Nb6+ Ke6 {Ke4} 1/2-1/2

[Event "3rd Memorial Warakomska 2019"]
[Site "Suwalki"]
[Date "2019.08.07"]
[Round "3.29"]
[White "Hoffmann, Yair"]
[Black "Walter, Szymon"]
[Result "1/2-1/2"]
[ECO "E16"]
[WhiteElo "2099"]
[BlackElo "2314"]
[Annotator "ChessBase"]
[PlyCount "54"]
[EventDate "2019.08.05"]
[EventType "swiss"]
[EventCountry "POL"]
[SourceTitle "playchess.com"]
[Source "ChessBase"]
[SourceQuality "1"]
[TimeControl "40/5400+30:1800+30"]

1. d4 Nf6 2. c4 e6 3. Nf3 Bb4+ 4. Bd2 Qe7 5. g3 Nc6 6. Nc3 Bxc3 7. Bxc3 Ne4 8. Rc1 Nxc3 9. Rxc3 d6 10. d5 Nb8 11. dxe6 fxe6 12. Bg2 O-O 13. O-O Nd7 14. Nd4 Nf6 15. b4 c6 16. e4 Rd8 17. Rd3 e5 18. Nc2 Be6 19. Ne3 Rd7 20. Qc2 Rad8 21. Rfd1 g6 22. a3 Nh5 23. Qc3 Ng7 24. Bf1 Bf7 25. Bh3 Be6 26. Bf1 Bf7 27. Bh3 Be6 1/2-1/2

[Event "3rd Memorial Warakomska 2019"]
[Site "Suwalki"]
[Date "2019.08.07"]
[Round "3.30"]
[White "Szpar, Milosz"]
[Black "Wolanski, Michal"]
[Result "1-0"]
[ECO "B36"]
[WhiteElo "2289"]
[BlackElo "2007"]
[Annotator "NA"]
[PlyCount "89"]
[EventDate "2019.08.05"]
[EventType "swiss"]
[EventCountry "POL"]
[SourceTitle "playchess.com"]
[Source "ChessBase"]
[SourceQuality "1"]
[TimeControl "40/5400+30:1800+30"]

1. e4 c5 2. Nf3 g6 3. d4 cxd4 4. Nxd4 Nc6 5. c4 Nf6 6. Nc3 d6 7. Be2 Nxd4 8. Qxd4 Bg7 9. Be3 O-O 10. Qd2 Bd7 11. O-O Bc6 12. f3 Nd7 {[%emt 0:00:52] B36: Sicilian: Maroczy Bind: Gurgenidze System} (12... a5 13. b3 Nd7 14. Rab1 Nc5 15. Rfd1 Be5 16. Qe1 Qc7 17. Nd5 Bxd5 18. cxd5 Rfc8 19. Rdc1 Qb6 20. Qd1 Bf4 21. Qd4 Bxe3+ 22. Qxe3 Na4 23. Qxb6 Nxb6 {½-½ (37) Wojtaszek,R (2701)-Lenic,L (2621) Legnica 2013}) 13. b4 b6 14. a3 Rc8 $146 ({Predecessor:} 14... Bb7 15. Bd4 Nf6 16. Rfc1 Qd7 17. Ra2 Rfd8 18. Rac2 e6 19. Bf1 Rac8 20. Nb5 {1-0 (60) Wolter,K (2356)-Straub,P (2126) Budapest 2000}) 15. Rac1 Ne5 16. Nd5 e6 17. Nc3 f5 18. exf5 gxf5 19. Kh1 $14 Qe7 20. Rfd1 Rfd8 21. Bf1 Rd7 22. Qa2 Kh8 23. Ne2 Rg8 24. Nd4 Bb7 25. Rd2 Qf6 26. Re1 Ng6 27. c5 f4 28. Bg1 Bd5 29. Bc4 Bxc4 30. Qxc4 dxc5 31. bxc5 bxc5 32. Qxc5 Rgd8 33. Red1 e5 34. Nb3 Rxd2 35. Rxd2 Rxd2 36. Nxd2 a6 37. Qc8+ Bf8 38. Ne4 Ne7 39. Qb8 Qg7 40. Qa8 Qh6 41. Bc5 Kg7 42. Bd6 Kf7 43. Qxa6 Nf5 44. Qc4+ Kg6 45. Qe6+ 1-0

[Event "3rd Memorial Warakomska 2019"]
[Site "Suwalki"]
[Date "2019.08.07"]
[Round "3.31"]
[White "Bai, Adelard"]
[Black "Sernecki, Franciszek"]
[Result "0-1"]
[ECO "E04"]
[WhiteElo "2113"]
[BlackElo "2275"]
[Annotator "NA"]
[PlyCount "69"]
[EventDate "2019.08.05"]
[EventType "swiss"]
[EventCountry "POL"]
[SourceTitle "playchess.com"]
[Source "ChessBase"]
[SourceQuality "1"]
[TimeControl "40/5400+30:1800+30"]

1. d4 Nf6 2. c4 e6 3. Nf3 d5 4. g3 dxc4 $14 5. Bg2 Bb4+ 6. Bd2 c5 7. Bxb4 cxb4 8. Qa4+ Nc6 9. Ne5 O-O 10. Nxc6 bxc6 11. Qxb4 Qxd4 12. Bxc6 Rd8 13. O-O a5 14. Qc3 Rb8 15. Qxd4 Rxd4 16. Nc3 Rxb2 17. Rfd1 e5 18. Rxd4 exd4 19. Rd1 Bd7 20. Nd5 Bxc6 21. Ne7+ Kf8 22. Nxc6 c3 23. Kg2 Rd2 24. Rc1 Nd5 25. a3 c2 26. Ne5 Rxe2 27. Nd3 Rd2 28. Nb2 Nc3 29. Kf1 Rd1+ 30. Nxd1 cxd1=Q+ 31. Rxd1 Nxd1 32. Ke2 Nb2 33. Kd2 Nc4+ 34. Kd3 Nxa3 35. Kxd4 0-1

[Event "3rd Memorial Warakomska 2019"]
[Site "Suwalki"]
[Date "2019.08.07"]
[Round "3.32"]
[White "Maj, Pawel"]
[Black "Czerw, Dawid"]
[Result "1/2-1/2"]
[ECO "A15"]
[WhiteElo "2127"]
[BlackElo "2326"]
[Annotator "NA"]
[PlyCount "100"]
[EventDate "2019.08.05"]
[EventType "swiss"]
[EventCountry "POL"]
[SourceTitle "playchess.com"]
[Source "ChessBase"]
[SourceQuality "1"]
[TimeControl "40/5400+30:1800+30"]

1. c4 Nf6 2. g3 e6 3. Bg2 d5 4. Nf3 Be7 5. b3 d4 6. e3 c5 7. exd4 cxd4 8. O-O O-O 9. d3 Nc6 10. Na3 e5 11. Re1 Bb4 12. Re2 Re8 13. Nc2 Bc3 14. Rb1 a5 15. Bg5 $15 h6 16. Bxf6 Qxf6 17. Nd2 Bg4 18. f3 Bf5 19. Ne4 Qd8 20. Na3 Bb4 21. Nb5 Bg6 22. a3 Be7 23. Qf1 f5 24. Nd2 Bg5 25. f4 exf4 26. h4 Rxe2 27. Qxe2 f3 28. Bxf3 Be3+ 29. Kg2 f4 30. Be4 Bxe4+ 31. Nxe4 Ne5 32. Rf1 f3+ 33. Rxf3 Nxf3 34. Qxf3 Qe7 35. Nbd6 Rf8 36. Qh5 b6 37. Qg6 Qd7 38. g4 Qe7 39. Nf5 Qf7 40. h5 Qxg6 41. hxg6 Re8 42. Kf3 Re6 43. Nxe3 dxe3 44. Kxe3 Rxg6 45. Kf4 Re6 46. d4 Re8 47. c5 bxc5 48. dxc5 Kf8 49. Nd6 Re6 50. b4 axb4 {[%emt 0:00:28] Ke4} 1/2-1/2

[Event "3rd Memorial Warakomska 2019"]
[Site "Suwalki"]
[Date "2019.08.07"]
[Round "3.33"]
[White "Budrewicz, Krzysztof"]
[Black "Dmochowska, Agnieszka"]
[Result "1-0"]
[ECO "D37"]
[WhiteElo "2188"]
[BlackElo "2126"]
[Annotator "NA"]
[PlyCount "97"]
[EventDate "2019.08.05"]
[EventType "swiss"]
[EventCountry "POL"]
[SourceTitle "playchess.com"]
[Source "ChessBase"]
[SourceQuality "1"]
[TimeControl "40/5400+30:1800+30"]

1. d4 Nf6 2. c4 e6 3. Nf3 d5 4. Nc3 Be7 5. Bf4 O-O 6. e3 b6 7. Qc2 Ba6 8. Ne5 c5 9. O-O-O cxd4 10. Rxd4 Bc5 11. Rd2 Qe7 12. Kb1 dxc4 13. Nxc4 Nbd7 14. Qa4 Bxc4 15. Bxc4 a6 16. Be2 b5 17. Qb3 Nb6 18. Rc1 Nfd5 19. Nxd5 Nxd5 20. Bf3 Rad8 21. Bxd5 exd5 22. Qc2 Ba7 23. Qf5 d4 24. e4 Qd7 25. Qxd7 Rxd7 26. Rc6 Re8 27. f3 a5 28. Kc2 f6 29. Kd3 Bb8 30. Bxb8 Rxb8 31. Rdc2 Rbb7 32. R2c5 Kf7 33. h4 a4 34. h5 Ke7 35. h6 gxh6 36. Rf5 Rd6 37. Rxd6 Kxd6 38. Rxf6+ Ke5 39. Rf5+ Ke6 40. Rh5 Rg7 41. g4 Rf7 42. Kxd4 Rxf3 43. Rxh6+ Ke7 44. Rxh7+ Ke6 45. Rb7 Rg3 46. Rb6+ Ke7 47. Rxb5 Rxg4 48. a3 Rg2 49. Kc5 1-0

[Event "3rd Memorial Warakomska 2019"]
[Site "Suwalki"]
[Date "2019.08.07"]
[Round "3.34"]
[White "Reza, Wojciech"]
[Black "Balinski, Damian"]
[Result "1-0"]
[ECO "B08"]
[WhiteElo "2261"]
[BlackElo "2176"]
[Annotator "NA"]
[PlyCount "77"]
[EventDate "2019.08.05"]
[EventType "swiss"]
[EventCountry "POL"]
[SourceTitle "playchess.com"]
[Source "ChessBase"]
[SourceQuality "1"]
[TimeControl "40/5400+30:1800+30"]

1. e4 d6 2. d4 Nf6 3. Nc3 g6 4. Nf3 Bg7 $14 5. Be2 O-O 6. O-O Bg4 7. Be3 Nc6 8. h3 Bxf3 9. Bxf3 e5 10. d5 Ne7 11. a4 Nd7 12. a5 f5 13. a6 b6 14. Nb5 fxe4 15. Bxe4 Nc5 16. Nc3 Nf5 17. b4 Nd7 18. Qd3 Rf7 19. Nb5 Nf6 20. c4 Nxe4 21. Qxe4 Qd7 22. Rae1 Qc8 23. Ra1 Qd7 24. Kh2 h5 25. g3 Kh7 26. Kg2 Kg8 27. Ra3 Kh7 28. Bg5 Nd4 29. Nxd4 exd4 30. Re1 Raf8 31. f4 Qc8 32. Qe6 Qb8 33. Be7 Rxe7 34. Qxe7 b5 35. c5 dxc5 36. Qxc5 h4 37. Re7 hxg3 38. Qxd4 Rg8 39. f5 1-0

[Event "3rd Memorial Warakomska 2019"]
[Site "Suwalki"]
[Date "2019.08.07"]
[Round "3.35"]
[White "Szostko, Jakub"]
[Black "Praczukowski, Stanislaw"]
[Result "1/2-1/2"]
[ECO "C72"]
[WhiteElo "2245"]
[BlackElo "2166"]
[Annotator "NA"]
[PlyCount "95"]
[EventDate "2019.08.05"]
[EventType "swiss"]
[EventCountry "POL"]
[SourceTitle "playchess.com"]
[Source "ChessBase"]
[SourceQuality "1"]
[TimeControl "40/5400+30:1800+30"]

1. e4 e5 2. Nf3 Nc6 3. Bb5 a6 4. Ba4 d6 5. O-O Bd7 6. Re1 Nf6 7. c3 g6 8. d4 b5 9. Bc2 Bg7 10. h3 O-O 11. Nbd2 Re8 12. Nf1 Rb8 13. b3 exd4 14. cxd4 Nb4 15. Bb1 c5 16. Bb2 Nh5 17. Qd2 Nc6 18. Rd1 cxd4 19. Nxd4 Qf6 20. Nxc6 Qxb2 21. Qxb2 Bxb2 22. Nxb8 Rxb8 23. Bc2 Bxa1 24. Rxa1 Kf8 25. Rd1 Ke7 26. Ne3 Be6 27. f3 Rc8 28. Kf2 Nf4 29. Rd2 Rc3 30. h4 h6 31. Nd1 Rc8 32. g3 Nh5 33. Ne3 g5 34. hxg5 hxg5 35. Bd1 Nf6 36. Rc2 Rc5 37. Be2 g4 38. Rxc5 dxc5 39. e5 Nd5 40. Nxd5+ Bxd5 41. f4 Be6 42. Ke3 f5 43. exf6+ Kxf6 44. Bd3 Bd7 45. Be4 b4 46. Kd3 Bb5+ 47. Kc2 a5 48. Kb2 1/2-1/2

[Event "3rd Memorial Warakomska 2019"]
[Site "Suwalki"]
[Date "2019.08.07"]
[Round "3.36"]
[White "Mulet, Piotr"]
[Black "Klimkowski, Jan"]
[Result "1/2-1/2"]
[ECO "B22"]
[WhiteElo "2244"]
[BlackElo "1985"]
[Annotator "NA"]
[PlyCount "122"]
[EventDate "2019.08.05"]
[EventType "swiss"]
[EventCountry "POL"]
[SourceTitle "playchess.com"]
[Source "ChessBase"]
[SourceQuality "1"]
[TimeControl "40/5400+30:1800+30"]

1. e4 c5 2. c3 d5 3. exd5 Qxd5 4. d4 Nc6 5. Nf3 Bf5 6. Be2 cxd4 7. cxd4 Bxb1 8. Rxb1 e6 9. a3 Nf6 10. O-O Bd6 11. Bg5 Ne4 12. Be3 O-O 13. Nd2 Nxd2 14. Qxd2 Rfd8 15. Bf3 Qf5 16. Rfd1 Rac8 17. Rbc1 Be7 18. Bxc6 bxc6 19. Qe2 Qb5 20. Qc2 Rd5 21. b4 a5 22. bxa5 Qxa5 23. a4 Bf6 24. h3 h6 25. Qc4 Ra8 26. Qxc6 Qxa4 27. Qb6 Rad8 28. Ra1 Qb5 29. Qxb5 Rxb5 30. Rd2 Rbd5 31. Rad1 Be7 32. Kf1 Bb4 33. Rd3 Bc5 34. Ke2 Ba7 35. g4 Kh7 36. Kf3 Kg6 37. Ke4 f5+ 38. gxf5+ exf5+ 39. Kf3 Kh5 40. Ke2 g5 41. f4 Bb8 42. Kf3 Bd6 43. Rb3 Re8 44. Rg1 Be7 45. Rb6 Bd8 46. Rc6 Rd7 47. Ra1 gxf4 48. Bxf4 Bg5 49. Be5 Rb7 50. Rc3 Re6 51. Ra8 Rb2 52. Rf8 Kg6 53. Rg8+ Kh5 54. Rf8 Kg6 55. Rd3 Rc2 56. Rg8+ Kh5 57. Rf8 Kg6 58. Rg8+ Kh5 59. Rf8 Kg6 60. Bg3 Ree2 61. h4 f4 {Ke4} 1/2-1/2

[Event "3rd Memorial Warakomska 2019"]
[Site "Suwalki"]
[Date "2019.08.07"]
[Round "3.37"]
[White "Shpanko, Nadiia"]
[Black "Bommini Mounika Akshaya"]
[Result "1/2-1/2"]
[ECO "C47"]
[WhiteElo "2132"]
[BlackElo "2063"]
[Annotator "NA"]
[PlyCount "55"]
[EventDate "2019.08.05"]
[EventType "swiss"]
[EventCountry "POL"]
[SourceTitle "playchess.com"]
[Source "ChessBase"]
[SourceQuality "1"]
[TimeControl "40/5400+30:1800+30"]

1. e4 e5 2. Nf3 Nc6 3. Nc3 Nf6 4. h3 h6 5. d4 exd4 6. Nxd4 Bb4 7. Nxc6 bxc6 8. Bd3 d5 9. exd5 cxd5 10. O-O O-O 11. Nb5 c5 12. a3 Ba5 13. b4 cxb4 14. axb4 Bxb4 15. Bb2 a5 16. Bxf6 Qxf6 17. Nc7 Rb8 18. Nxd5 Qd8 19. Nxb4 axb4 20. Qf3 Be6 21. Qe4 g6 22. Qe3 Kh7 23. Ra7 Qb6 24. Qxb6 Rxb6 25. Re1 Kg7 26. h4 h5 27. Re5 Kf6 28. Re1 1/2-1/2

[Event "3rd Memorial Warakomska 2019"]
[Site "Suwalki"]
[Date "2019.08.07"]
[Round "3.38"]
[White "Dzhuguryan, Tygran"]
[Black "Jankowiak, Tomasz"]
[Result "1-0"]
[ECO "D10"]
[WhiteElo "2230"]
[BlackElo "2104"]
[Annotator "NA"]
[PlyCount "145"]
[EventDate "2019.08.05"]
[EventType "swiss"]
[EventCountry "POL"]
[SourceTitle "playchess.com"]
[Source "ChessBase"]
[SourceQuality "1"]
[TimeControl "40/5400+30:1800+30"]

1. d4 d5 2. c4 c6 3. Qc2 Nf6 4. Nf3 e6 5. g3 Nbd7 6. Bg2 Bd6 7. O-O O-O 8. Nbd2 e5 9. cxd5 cxd5 10. dxe5 Nxe5 11. Nxe5 Bxe5 12. Nf3 Bd6 13. Be3 Be6 14. Rac1 Qd7 15. Bd4 Ne4 16. Qb3 a6 17. Qe3 Rfe8 18. Ng5 Bf5 19. Nxe4 dxe4 20. Rfd1 Qe6 21. a3 Rac8 22. Rxc8 Rxc8 23. Rc1 Rxc1+ 24. Qxc1 f6 25. Qc3 Kf7 26. h4 Qd5 27. e3 Bd7 28. Qc2 f5 29. Qc3 Bf8 30. Qc7 h6 31. Bf1 Qc6 32. Bc4+ Kg6 33. h5+ Kh7 34. Qxc6 Bxc6 35. Bf7 Bd7 36. Kf1 b5 37. b4 Be7 38. Ke2 Bf6 39. Kd2 Bd8 40. Be5 Bb6 41. Kc3 Bc8 42. Bd6 Bb7 43. Bg6+ Kg8 44. Bxf5 Kf7 45. Be5 Bd8 46. Bg6+ Kg8 47. Kd2 Be7 48. Be8 Kf8 49. Bd7 Kf7 50. Bf5 Bd8 51. Ke2 Be7 52. Bg6+ Kf8 53. Kf1 Bc6 54. Kg2 Bb7 55. Bf5 Kf7 56. Kh3 a5 57. bxa5 Bxa3 58. Bd7 Bb4 59. Bc7 Ba6 60. Bc6 Be1 61. Bxe4 Bxf2 62. Bb6 Be1 63. Bd3 Bc8+ 64. Kg2 Bb7+ 65. e4 g6 66. Kf3 gxh5 67. Bxb5 h4 68. gxh4 Bxh4 69. a6 Ba8 70. Bc4+ Ke8 71. Bd5 Bxd5 72. exd5 Kd7 73. a7 1-0

[Event "3rd Memorial Warakomska 2019"]
[Site "Suwalki"]
[Date "2019.08.07"]
[Round "3.39"]
[White "Bachor, Tomasz"]
[Black "Bukojemski, Adam"]
[Result "1-0"]
[ECO "D35"]
[WhiteElo "2022"]
[BlackElo "2225"]
[Annotator "NA"]
[PlyCount "65"]
[EventDate "2019.08.05"]
[EventType "swiss"]
[EventCountry "POL"]
[SourceTitle "playchess.com"]
[Source "ChessBase"]
[SourceQuality "1"]
[TimeControl "40/5400+30:1800+30"]

1. d4 Nf6 2. c4 d5 3. Nc3 e6 4. cxd5 exd5 5. Bg5 c6 6. e3 Nbd7 7. Bd3 h6 8. Bh4 Qb6 9. Qc2 g5 10. Bg3 Nh5 11. Nge2 Nxg3 12. Nxg3 Nf6 13. O-O Be6 14. Na4 Qc7 15. Nc5 O-O-O 16. b4 h5 17. b5 h4 18. Nf5 Ng4 19. f4 gxf4 20. exf4 Kb8 21. Rf3 cxb5 22. Rc1 Bxc5 23. dxc5 d4 24. Nd6 Ne3 25. Qb2 Rhg8 26. Nxb5 Qc6 27. Rxe3 dxe3 28. Qe5+ Ka8 29. Nc7+ Kb8 30. Nxe6+ Kc8 31. Be4 e2 32. Bxc6 Rd1+ 33. Kf2 1-0

[Event "3rd Memorial Warakomska 2019"]
[Site "Suwalki"]
[Date "2019.08.07"]
[Round "3.40"]
[White "Leskiewicz, Ignacy"]
[Black "Selbes, Tarik"]
[Result "0-1"]
[ECO "C60"]
[WhiteElo "2120"]
[BlackElo "2342"]
[Annotator "NA"]
[PlyCount "118"]
[EventDate "2019.08.05"]
[EventType "swiss"]
[EventCountry "POL"]
[SourceTitle "playchess.com"]
[Source "ChessBase"]
[SourceQuality "1"]
[TimeControl "40/5400+30:1800+30"]

1. e4 e5 2. Nf3 Nc6 3. Bb5 g6 4. O-O Bg7 5. c3 a6 6. Ba4 d6 7. h3 Nf6 8. d4 {C60: Ruy Lopez: Unusual Black 3rd moves and 3...g6} b5 (8... Bd7 9. Re1 O-O 10. Nbd2 Nh5 11. Nf1 h6 12. Ne3 Re8 13. dxe5 dxe5 14. Bb3 Nf4 15. Nd5 Nxd5 16. Bxd5 Be6 17. Bxe6 Rxe6 18. Qb3 {½-½ (98) Ortiz Suarez,I (2611)-Matsuura,E (2486) Praia da Pipa 2014}) 9. Bb3 O-O 10. Bg5 $146 ({Predecessor:} 10. Be3 Bb7 11. Nbd2 Re8 12. d5 Na5 13. Bc2 {1-0 (39) Klein,J (2175)-Junker,R (2159) Germany 2005}) 10... h6 11. Be3 Bb7 12. Nbd2 Re8 13. dxe5 Nxe5 14. Nxe5 dxe5 15. f3 Nh5 16. Rf2 Qf6 17. a4 Red8 18. Qc2 Nf4 19. Nf1 h5 20. c4 bxa4 21. Bxa4 Bh6 $11 22. c5 Bc8 23. Bb3 Bd7 24. Bd5 Nxd5 25. exd5 Bxe3 26. Nxe3 Qg5 27. Qe4 Bxh3 28. Nc4 Re8 29. d6 Bf5 30. Qd5 Qf4 31. Ra4 Be6 32. Qe4 Qxe4 33. fxe4 cxd6 34. cxd6 Red8 35. Rd2 f6 36. Kf2 Kf7 37. Ke3 Bxc4 38. Rxc4 Rd7 39. Rc6 Ke6 40. Rd5 Rb8 41. Rd2 Rb3+ 42. Ke2 a5 43. Ra6 Rb4 44. Ke3 a4 45. g3 g5 46. Kf3 g4+ 47. Ke3 Rb3+ 48. Kf2 Rf3+ 49. Kg2 Re3 50. Rxa4 Rxd6 51. Rc2 Rdd3 52. Ra6+ Kf7 53. Rcc6 Rxg3+ 54. Kh2 Rgf3 55. b4 Rd2+ 56. Kg1 h4 57. Ra8 Rd1+ 58. Kg2 h3+ 59. Kh2 Rd2+ 0-1

[Event "3rd Memorial Warakomska 2019"]
[Site "Suwalki"]
[Date "2019.08.07"]
[Round "3.41"]
[White "Luba, Lukasz"]
[Black "Chan, Kim Yew"]
[Result "1-0"]
[ECO "A85"]
[WhiteElo "2177"]
[BlackElo "2276"]
[Annotator "ChessBase"]
[PlyCount "75"]
[EventDate "2019.08.05"]
[EventType "swiss"]
[EventCountry "POL"]
[SourceTitle "playchess.com"]
[Source "ChessBase"]
[SourceQuality "1"]
[TimeControl "40/5400+30:1800+30"]

1. d4 f5 2. c4 Nf6 3. Nc3 e6 4. a3 d5 5. c5 b6 6. b4 a5 7. Bf4 c6 8. Nf3 Nbd7 9. e3 Be7 10. Bd3 Ne4 11. Bxe4 fxe4 12. Ne5 Nxe5 13. Bxe5 O-O 14. Na4 bxc5 15. bxc5 Bh4 16. g3 Bf6 17. Bd6 Be7 18. Be5 Rf3 19. Nb6 Ra7 20. Nxc8 Qxc8 21. Rb1 Ra8 22. Qe2 Qe8 23. Rb7 Bf8 24. O-O Qh5 25. Qb2 Re8 26. Qb6 Rc8 27. Bxg7 Bxg7 28. Rxg7+ Kxg7 29. Qb7+ Rf7 30. Qxc8 Qg4 31. Qxc6 h5 32. h4 Rf6 33. Qc7+ Kh6 34. Qe5 Qf3 35. c6 Rf8 36. Qxe6+ Kh7 37. c7 Rg8 38. Qxg8+ 1-0

[Event "3rd Memorial Warakomska 2019"]
[Site "Suwalki"]
[Date "2019.08.07"]
[Round "3.42"]
[White "Szczurek, Krzysztof"]
[Black "Kiolbasa, Oliwia"]
[Result "0-1"]
[ECO "A45"]
[WhiteElo "2104"]
[BlackElo "2239"]
[Annotator "NA"]
[PlyCount "64"]
[EventDate "2019.08.05"]
[EventType "swiss"]
[EventCountry "POL"]
[SourceTitle "playchess.com"]
[Source "ChessBase"]
[SourceQuality "1"]
[TimeControl "40/5400+30:1800+30"]

1. d4 Nf6 2. Nc3 d5 3. Bf4 c6 4. e3 g6 5. f3 Bg7 6. Qd2 b5 7. g4 a5 8. h4 h5 9. g5 Nfd7 10. O-O-O a4 11. e4 b4 12. Nce2 Qb6 13. Qe3 Qb7 14. Bg3 Nb6 15. Nf4 O-O 16. Ngh3 Rd8 17. e5 Bf5 18. e6 Nc4 19. Bxc4 dxc4 20. exf7+ Kxf7 21. Qe2 b3 22. Qxc4+ e6 23. cxb3 axb3 24. a4 Na6 25. Be1 Nc7 26. Bc3 Nd5 27. Nxd5 cxd5 28. Qb5 Qxb5 29. axb5 e5 30. Kd2 exd4 31. Bb4 Ra2 32. Ba3 Ra8 0-1

[Event "3rd Memorial Warakomska 2019"]
[Site "Suwalki"]
[Date "2019.08.07"]
[Round "3.43"]
[White "Kokoszczynski, Jan"]
[Black "Checiak, Krzysztof"]
[Result "1-0"]
[ECO "E18"]
[WhiteElo "2238"]
[BlackElo "2057"]
[Annotator "NA"]
[PlyCount "105"]
[EventDate "2019.08.05"]
[EventType "swiss"]
[EventCountry "POL"]
[SourceTitle "playchess.com"]
[Source "ChessBase"]
[SourceQuality "1"]
[TimeControl "40/5400+30:1800+30"]

1. d4 Nf6 2. c4 e6 3. Nf3 b6 4. g3 Bb7 5. Bg2 Be7 6. O-O O-O 7. Nc3 d5 8. cxd5 Nxd5 9. Qc2 Na6 10. e4 Nxc3 11. bxc3 c5 12. a3 Qc8 13. Qe2 Re8 14. Rd1 Nc7 15. Bb2 Ba6 16. Qe3 Nb5 17. Nd2 Rb8 18. a4 Nd6 19. e5 Nc4 20. Nxc4 Bxc4 21. d5 exd5 22. Bxd5 Bxd5 23. Rxd5 c4 24. Rad1 Rb7 25. Qe4 h6 26. Bc1 Qc6 27. Qg4 Kh8 28. Qh5 Bf8 29. Be3 Qxa4 30. Qf5 Qc6 31. R1d4 Bc5 32. Rd6 Bxd6 33. Rxd6 Qb5 34. Bd4 Kg8 35. Qg4 Qb1+ 36. Kg2 Qh7 37. h4 Rbe7 38. Kh2 Re6 39. Rd7 a6 40. Qf3 Qg6 41. h5 Qg5 42. Qxf7+ Kh7 43. f4 Qg4 44. f5 Qe2+ 45. Kg1 Qe1+ 46. Kg2 Qe4+ 47. Kf2 Qc2+ 48. Kg1 Qd1+ 49. Kg2 Qe2+ 50. Bf2 Qe4+ 51. Kh2 Qxe5 52. fxe6 Rxe6 53. Rd8 1-0